 Dungeon Crawl Stone Soup version 0.31.0-1-g2c135a0 (webtiles) character file.

Game seed: 165504065194009604

14 deepwoken the Chopper (level 2, -2/27 HPs)
             Began as a Minotaur Berserker on Mar 29, 2024.
             Was a Follower of Trog.
             Slain by an adder (4 damage)
             ... on level 2 of the Dungeon.
             The game lasted 00:02:52 (689 turns).

deepwoken the Chopper (Minotaur Berserker)           Turns: 689, Time: 00:02:53

Health: -2/27      AC:  2    Str: 21    XL:     2   Next: 31%
Magic:  1/1        EV: 12    Int:  4    God:    Trog [*.....]
Gold:   10         SH:  0    Dex:  9    Spells: 1/1 levels left

rFire   . . .        a - +0 hand axe
rCold   . . .        (no shield)
rNeg    . . .        b - +0 animal skin
rPois   .            (helmet restricted)
rElec   .            (no cloak)
rCorr   .            (no gloves)
SInv    .            (no boots)
Will    .....        (no amulet)
Stlth   +            (no ring)
HPRegen 0.24/turn    (no ring)
MPRegen 0.07/turn

%: no passive effects
@: lethally poisoned (-2 -> -3)
A: horns 2, retaliatory headbutt
a: Renounce Religion, Berserk


You were on level 2 of the Dungeon.
You worshipped Trog.
Trog was aware of your devotion.
You visited 1 branch of the dungeon, and saw 2 of its levels.

You collected 10 gold pieces.

Inventory:

Hand Weapons
 a - a +0 hand axe (weapon)
Armour
 b - a +0 animal skin (worn)
 d - a +0 chain mail
Jewellery
 f - a ring of protection from fire
Scrolls
 c - a scroll of acquirement {unknown}
 e - a scroll of blinking {unknown}


   Skills:
 + Level 4.0 Fighting
 + Level 4.1 Axes
 + Level 2.5 Armour
 + Level 2.2 Dodging


You had one spell level left.
You didn't know any spells.
Your spell library was empty.

Dungeon Overview and Level Annotations

Branches:
Dungeon (2/15)

Altars:


Innate Abilities, Weirdness & Mutations

You have a pair of horns on your head.
You reflexively headbutt those who attack you in melee.


Message History

You miss the adder. The adder misses you. The adder completely misses you.
The ribbon worm expels a string of sticky webbing.
The stream of webbing misses you.
You hit the adder.
The adder is lightly wounded.
You hit the ribbon worm. The adder bites you.
You are poisoned.
The adder poisons you!
You closely miss the adder. Your headbutt misses the adder.
The adder is lightly wounded.
You hit the kobold. You hit the ribbon worm.
You kill the ribbon worm!
Trog accepts your kill.
You feel sick. The adder closely misses you.
The kobold hits you with a +0 dagger. The adder barely misses you.
You furiously retaliate!
You headbutt the adder!
Your Fighting skill increases to level 4!
You feel sick. The kobold hits you with a +0 dagger. The adder bites you.
You are more poisoned.
The adder poisons you!
You feel sick.
You feel sick. The adder bites you but does no damage.
The kobold hits you with a +0 dagger.
* * * LOW HITPOINT WARNING * * *
The adder closely misses you.
You feel sick. The kobold attacks as it pursues you!
The kobold hits you with a +0 dagger.
* * * LOW HITPOINT WARNING * * *
You hit the kobold.
The kobold is heavily wounded.
You barely miss the adder.
You feel sick. The adder bites you.
* * * LOW HITPOINT WARNING * * *
The kobold hits you with a +0 dagger.
* * * LOW HITPOINT WARNING * * *
You hit the kobold. Your headbutt misses the kobold.
The kobold is severely wounded.
You completely miss the adder.
* * * LOW HITPOINT WARNING * * *
You feel sick. The adder bites you.
You die...

## #########
##.##^......#
.....#.......#
#. #.........#
...#.#...<...#
#...#.......#
#.#.#..K@...#
#.....S...#
#.#.......#
#...#.......#
#.#.#.#####.#
. #... .# #.##
# .. .#


You could see an adder and a kobold.

Vanquished Creatures
  A ribbon worm (D:2)
  A giant cockroach (D:1)
  2 goblins (D:1)
  A hobgoblin (D:1)
  2 quokkas (D:1)
  2 kobolds (D:1)
  4 rats
13 creatures vanquished.

Notes
Turn   | Place    | Note
-------+----------+-------------------------------------------
     0 | D:1      | deepwoken the Minotaur Berserker began the quest for the
                  | Orb.
     0 | D:1      | Reached XP level 1. HP: 19/19 MP: 0/0
    56 | D:1      | Found a faded altar of an unknown god.
   197 | D:1      | Reached XP level 2. HP: 14/27 MP: 1/1
   689 | D:2      | Slain by an adder

Illustrated notes

Levels and vault maps discovered:
D:1:      saegor_arrival_miasma, layout_rooms, shapermc_ecumenical_altar_gd
D:2:      layout_rooms, nicolae_concentric_dashed_squares_wild,
          kennysheep_generic_room_11, uniq_robin, uniq_sigmund

Skill      XL: |  1  2 |
---------------+-------+-----
Axes           | 4 |  4.1
Fighting       | 4 |  4.0
Armour         | |  2.5
Dodging        | |  2.2

Action                     || total
---------------------------++-------
  Melee: Hand axe          ||    46
         Headbutt          ||     6
 Armour: Animal skin       ||    29
  Dodge: Dodged            ||    22
